Map: Invader LE

Players

Bada - Winner!

  • Race: Protoss Protoss
  • League: Gold

capac

  • Race: Terran Terran
  • League: Gold

VOD

Have the link to the VOD?

Description

Time

  • Played on: April 10, 2016, 10:55 a.m.
  • Length: 27:36
Show
View Real Time Build Order
Export as new Build Order

Bada Protoss - Winner!

Build Orders: Mass Adepts 

Get SALT Encoding   

  12  0:01  Probe (Chrono Boost)  
  13  0:11  Probe (Chrono Boost)  
  14  0:19  Pylon  
  14  0:22  Probe (Chrono Boost)  
  15  0:37  Probe (Chrono Boost)  
  15  0:40  Gateway  
  16  0:47  Probe (Chrono Boost)  
  17  0:50  Assimilator  
  17  0:58  Probe (Chrono Boost)  
  17  1:00  Pylon  
  18  1:08  Probe (Chrono Boost)  
  19  1:19  Probe (Chrono Boost)  
  20  1:26  Gateway  
  20  1:31  Cybernetics Core, Probe (Chrono Boost)  
  21  1:38  Assimilator  
  21  1:42  Probe (Chrono Boost)  
  22  1:57  Gateway  
  22  1:58  Probe (Chrono Boost)  
  23  2:08  Warp Gate (Chrono Boost)  
  22  2:10  Mothership Core (Chrono Boost)  
  24  2:18  Pylon  
  24  2:19  Adept  
  26  2:38  Adept  
  26  2:42  Probe  
  29  2:46  Adept  
  29  2:49  Adept  
  33  3:09  Pylon  
  33  3:12  Adept  
  35  3:22  Adept x2  
  39  3:29  Gateway  
  39  3:35  Pylon  
  39  4:06  Adept x3  
  45  4:25  Adept  
  45  4:26  Adept x2  
  45  4:27  Adept  
  45  5:11  Stalker x4  
  53  5:28  Probe (Chrono Boost)  
  54  5:29  Nexus  
  54  5:31  Assimilator  
  54  5:33  Assimilator  
  54  5:39  Probe (Chrono Boost)  
  55  5:44  Stargate  
  55  5:53  Robotics Facility  
  55  6:03  Pylon  
  55  6:21  Probe (Chrono Boost)  
  55  6:24  Pylon  
  56  6:27  Oracle  
  56  6:29  Pylon  
  56  6:32  Probe (Chrono Boost)  
  60  6:42  Probe (Chrono Boost)  
  60  6:43  Immortal (Chrono Boost)  
  60  6:45  Probe  
  66  6:54  Probe  
  66  6:56  Probe  
  68  7:06  Probe x2  
  70  7:17  Probe  
  70  7:18  Probe  
  70  7:20  Forge  
  72  7:58  Probe  
  72  7:59  Probe  
  74  8:07  Stalker x3  
  74  8:08  Probe  
  74  8:09  Protoss Ground Weapons Level 1 (Chrono Boost)  
  74  8:11  Probe  
  82  8:31  Immortal (Chrono Boost)  
  86  8:39  Probe  
  86  8:40  Twilight Council  
  87  8:57  Pylon  
  87  9:00  Probe x2  
  87  9:01  Immortal  
  93  9:18  Pylon  
  93  9:19  Blink  
  93  9:23  Nexus  
  93  9:25  Templar Archives  
  93  9:26  Probe x2, Assimilator  
  93  9:28  Assimilator  
  95  9:32  Pylon  
  95  9:35  Phoenix  
  97  10:18  Pylon  
  97  10:19  Phoenix (Chrono Boost)  
  98  10:59  Nexus  
  98  11:02  Assimilator  
  98  11:03  Fleet Beacon  
  98  11:05  Assimilator  
  98  11:10  Pylon  
  98  11:12  Photon Cannon  
  98  11:13  Pylon  
  97  11:33  Protoss Ground Armor Level 1  
  97  11:39  Dark Shrine  
  97  11:40  Psionic Storm, Charge (Chrono Boost)  
  97  11:41  Tempest  
  97  11:43  Probe x2  
  103  12:06  Zealot x3  
  109  12:09  Immortal (Chrono Boost)  
  113  12:19  Probe, Gateway  
  113  12:20  Gateway  
  113  12:21  Probe x2  
  113  12:22  Tempest  
  116  12:25  Gateway  
  116  12:28  Gateway  
  120  12:38  Gateway x2  
  120  12:40  High Templar x3  
  126  12:49  Gateway  
  126  12:51  Gateway  
  126  12:55  Photon Cannon  
  126  12:56  Photon Cannon  
  126  12:59  Photon Cannon  
  80  13:25  Dark Templar x3  
  70  13:38  High Templar  
  70  13:39  High Templar  
  74  13:46  Tempest  
  68  13:54  Immortal (Chrono Boost)  
  76  13:58  High Templar x3  
  76  13:59  High Templar  
  84  14:05  Archon  
  84  14:06  Archon  
  84  14:23  Stalker x3  
  90  14:27  High Templar x2  
  94  14:35  Archon  
  94  14:41  High Templar x2  
  94  14:43  Zealot x2  
  102  14:46  Archon  
  90  15:23  Nexus  
  86  16:01  Immortal (Chrono Boost)  
  90  16:05  Protoss Ground Weapons Level 2 (Chrono Boost)  
  90  16:08  Zealot  
  90  16:09  Zealot x3  
  98  16:19  Stalker  
  100  16:33  Stalker  
  102  16:40  High Templar  
  102  16:41  High Templar  
  106  16:50  Stalker  
  104  17:30  Dark Templar, Assimilator  
  104  17:31  Dark Templar  
  104  17:32  Assimilator  
  104  17:34  Zealot  
  104  17:35  Zealot x5  
  116  17:56  Tempest  
  120  18:10  Pylon  
  120  18:14  Immortal (Chrono Boost)  
  124  18:29  Protoss Ground Weapons Level 3 (Chrono Boost)  
  124  18:57  Tempest  
  124  18:59  Nexus  
  128  19:15  Pylon  
  128  19:40  Stalker  
  128  19:41  Stalker x5  
  140  19:58  Pylon  
  140  20:00  Pylon  
  140  20:27  Photon Cannon, Dark Templar x2  
  140  20:28  Photon Cannon  
  144  20:32  Photon Cannon  
  144  20:38  Dark Templar  
  146  20:47  Tempest  
  148  21:29  Immortal  
  148  21:33  Tempest  
  156  21:40  Dark Templar x3  
  162  21:52  Stalker  
  162  21:53  Stalker x3  
  170  21:57  Zealot  
  162  22:33  Dark Templar x3  
  168  22:47  Zealot  
  168  22:48  Zealot  
  172  22:56  Pylon  
  172  22:58  Pylon  
  166  23:13  Nexus  
  166  23:16  Assimilator  
  166  23:18  Assimilator  
  164  23:22  Pylon  
  164  23:26  Pylon  
  164  23:31  Dark Templar x5, Pylon  
  173  23:57  Probe x2  
  175  24:06  Immortal  
  175  24:10  Tempest  
  175  24:14  Probe x2  
  185  24:21  Photon Cannon  
  185  24:23  Photon Cannon  
  185  24:26  Probe  
  185  24:29  Photon Cannon  
  180  24:31  Photon Cannon  
  180  24:34  Photon Cannon  
  176  25:20  Observer  
  177  26:00  Probe  
  177  26:02  Probe x2  
  180  26:13  Immortal  
  180  26:17  Tempest  
  187  26:41  Dark Templar x5  
  127  27:32  Stalker x2  
  127  27:33  Stalker x8  
  127  27:34  Stalker  
Show
View Real Time Build Order
Export as new Build Order

capac Terran 

Build Orders: Reaper Expand, MMM Bio 

Get SALT Encoding   

  12  0:01  SCV  
  13  0:15  SCV  
  13  0:18  Supply Depot  
  14  0:27  SCV  
  15  0:40  SCV  
  15  0:41  Barracks  
  16  0:46  Refinery  
  16  0:52  SCV  
  17  1:04  SCV  
  18  1:16  SCV  
  19  1:30  Reaper  
  19  1:31  Orbital Command  
  20  1:42  Command Center  
  20  1:50  Supply Depot  
  20  2:00  SCV  
  21  2:09  Barracks Reactor  
  21  2:12  SCV  
  22  2:16  Barracks  
  22  2:23  Refinery  
  22  2:24  SCV  
  22  2:29  Factory  
  23  2:36  SCV  
  24  2:46  Marine x2  
  24  2:48  SCV  
  27  2:55  SCV  
  28  3:03  SCV  
  28  3:04  Marine x2  
  28  3:05  Marine  
  31  3:09  Orbital Command  
  31  3:14  Factory Tech Lab  
  31  3:15  Starport  
  31  3:18  SCV  
  32  3:29  Barracks Tech Lab, Bunker  
  32  3:30  SCV  
  33  3:34  Engineering Bay  
  33  3:40  SCV  
  34  3:42  SCV  
  34  3:45  Marine  
  34  3:46  Marine  
  37  3:52  Siege Tank  
  40  3:59  Starport Reactor  
  40  4:02  Supply Depot  
  40  4:06  Marine x2  
  40  4:09  Missile Turret, Stimpack  
  42  4:11  Marine  
  42  4:15  SCV x2  
  45  4:21  Missile Turret  
  45  4:27  SCV x2  
  45  4:31  Refinery  
  47  4:33  Siege Tank  
  50  4:39  SCV  
  48  4:52  Medivac  
  43  5:04  Widow Mine  
  40  5:15  Barracks  
  40  5:16  Missile Turret  
  40  5:19  Marine x2  
  40  5:20  Marine  
  43  5:33  Siege Tank  
  46  5:37  Marine x2  
  46  5:41  Orbital Command  
  46  5:42  Marine  
  49  5:54  Marine  
  50  6:06  Siege Tank  
  50  6:08  SCV  
  54  6:20  Orbital Command  
  54  6:48  Orbital Command  
  54  7:00  Liberator x2  
  54  7:03  Barracks Reactor  
  54  7:07  Supply Depot  
  54  7:10  Supply Depot  
  54  7:17  Marine x3  
  54  7:18  Siege Tank, SCV  
  67  7:25  SCV  
  67  7:26  Refinery  
  68  7:30  SCV  
  68  7:32  Supply Depot  
  68  7:34  Marine  
  68  7:35  Marine  
  68  7:37  SCV  
  67  7:46  Missile Turret  
  67  7:49  Missile Turret  
  65  8:00  Marine x2  
  65  8:01  Marine x2  
  69  8:15  SCV x2  
  71  8:25  Marine x4  
  71  8:26  Marine  
  76  8:27  SCV x2, Combat Shields  
  76  8:29  Medivac  
  80  8:46  Bunker  
  80  8:47  Medivac  
  80  8:48  Siege Tank  
  85  8:49  Marine x4  
  85  8:50  SCV  
  90  8:56  SCV  
  90  8:59  Supply Depot  
  91  9:07  Marine x3  
  94  9:20  Marine  
  94  9:21  SCV x2  
  94  9:23  Marine  
  98  9:24  Supply Depot  
  98  9:25  Marine x3  
  98  9:29  Terran Infantry Weapons Level 1  
  101  9:36  Refinery  
  91  9:58  SCV  
  91  9:59  SCV  
  93  10:10  SCV  
  94  10:23  SCV x2  
  96  10:35  SCV x2  
  95  10:36  Marine x4  
  95  10:37  Marine  
  97  10:53  Marine  
  97  10:55  Marine x4  
  102  10:58  Medivac x2  
  104  11:04  Starport  
  104  11:11  Marine  
  104  11:15  Armory  
  97  11:26  Marine x3  
  97  11:28  Concussive Shells, Marauder  
  97  11:32  Medivac x2  
  106  11:44  Marine  
  106  11:45  Marine x3  
  110  11:58  Supply Depot  
  110  12:07  Command Center  
  110  12:20  Marauder, Marine x4, SCV x2  
  118  12:47  Terran Infantry Weapons Level 2  
  118  12:50  Starport Reactor  
  118  12:53  Supply Depot  
  118  13:07  SCV  
  118  13:08  SCV, Medivac  
  118  13:09  Medivac  
  95  13:32  Marine x4  
  95  13:33  Marine  
  95  13:50  Marine x4  
  99  13:56  Viking x3  
  99  13:57  Viking  
  99  14:02  Engineering Bay  
  107  14:04  Armory  
  107  14:22  SCV x2  
  107  14:24  Marine x5  
  110  14:30  Viking x2  
  110  14:31  Viking  
  120  14:42  Orbital Command  
  120  14:54  Liberator  
  120  14:55  Liberator x3  
  77  15:08  SCV  
  90  15:19  SCV x2  
  90  15:20  SCV  
  93  15:27  Missile Turret  
  82  15:47  SCV x2  
  81  15:53  Marine x3  
  81  15:54  Marine x2  
  81  15:55  Siege Tank  
  86  16:13  Marine x5  
  91  16:20  Missile Turret  
  91  16:36  Marine x2  
  91  16:37  Marine x2  
  91  16:38  Marine  
  96  16:44  SCV x2  
  96  16:45  SCV  
  99  16:52  Refinery  
  99  16:55  Refinery  
  94  17:08  Marine  
  94  17:26  Marine x5  
  99  17:35  Siege Tank  
  102  17:40  Viking x4  
  102  17:42  SCV x2  
  102  17:43  Marine, SCV  
  102  17:44  Marine x2  
  102  18:05  Marine x4  
  104  18:06  Marine  
  107  18:17  Starport  
  107  18:21  SCV  
  107  18:22  SCV x2  
  110  18:31  Marine x5  
  110  18:33  Medivac x2  
  110  18:34  SCV x3  
  111  18:49  Marine  
  110  18:56  Terran Infantry Armor Level 1  
  108  19:18  Barracks  
  108  19:20  Barracks  
  108  19:21  Barracks  
  108  19:23  Starport  
  106  19:37  Marine x5  
  111  19:56  Missile Turret  
  111  19:57  Command Center  
  111  20:02  Starport Reactor, Missile Turret  
  111  20:07  Barracks Tech Lab x2  
  111  20:11  Barracks  
  111  20:16  SCV  
  111  20:17  Starport, SCV x2  
  114  20:29  SCV  
  114  20:33  SCV x2  
  114  20:34  Missile Turret  
  117  20:39  Missile Turret  
  117  20:41  SCV  
  118  20:45  SCV  
  119  20:51  Missile Turret  
  119  20:52  Terran Infantry Weapons Level 3  
  119  20:55  Terran Ship Weapons Level 1  
  119  20:59  Starport Reactor  
  119  21:06  Barracks Tech Lab  
  119  21:07  Barracks Reactor  
  119  21:22  Marine x5  
  119  21:23  Marine x2  
  112  21:40  Marine x2  
  105  21:48  Liberator, Planetary Fortress  
  101  22:02  Marine  
  101  22:03  Marine x3  
  105  22:40  Marine  
  106  22:47  SCV  
  107  23:11  Liberator x3  
  79  23:47  Marauder x2  
  80  24:08  Marauder x2  
  80  24:09  Viking x4  
  91  24:42  Barracks Tech Lab x2  
  91  24:44  Marauder x2, Marine x4  
  99  24:47  Medivac x2  
  103  24:58  Medivac x3  
  103  24:59  Medivac x2  
  109  25:00  Medivac  
  109  25:03  Marauder  
  109  25:04  Marine  
  103  25:15  Marine  
  98  26:28  Orbital Command  
Tags
 
Add a new tag
Caveats
  • Supply blocks, unpowered buildings, or Contaminate may cause inaccurate times.
  • Supply counts are checked every 10 seconds.